[Event "41st Amateur D7"]
[Site "ChessGUI4"]
[Date "2013.07.04"]
[Round "4.5"]
[White "MadChess 1.2"]
[Black "ProChess 1.02AD"]
[Result "0-1"]
[BlackElo "2244"]
[ECO "B06"]
[EventDate "2013.??.??"]
[TimeControl "40/1500:40/1500:40/1500"]
[WhiteElo "2200"]

{ i5 Quad } 1.e4 g6 2.d4 Bg7 3.Nc3 c6 4.Bc4 d6 5.Qf3 e6 6.Nge2 b5 7.Bb3 a5 8.a3 Ba6 9.Be3 Ne7 { [%eval -67,11] [%emt 0:01:29] (Nf6) } 10.O-O
{ [%eval 71,11] [%emt 0:00:48] (d5) } 10...Nd7
{ [%eval -51,12] [%emt 0: 01:05] (O-O) } 11.Nf4
{ [%eval 47,10] [%emt 0:00:44] (Nf4) } 11...O-O
{ [%eval -50,11] [%emt 0:00:55] (O-O) } 12.Nd3
{ [%eval 51,10] [%emt 0:00:38] (Nd3) } 12...b4
{ [%eval -42,12] [%emt 0:01:43] (b4) } 13.axb4
{ [%eval 35,12] [%emt 0:00:38] (axb4) } 13...axb4
{ [%eval -35,12] [%emt 0:00:36] (Bxd3) } 14.Ne2
{ [%eval 51,11] [%emt 0:00: 37] (Ne2) } 14...c5
{ [%eval -33,12] [%emt 0:01:02] (Bxd3) } 15.Bf4
{ [%eval 22,10] [%emt 0:00:45] (dxc5) } 15...c4
{ [%eval 21,12] [%emt 0:00:29] (Qb6) } 16.Rxa6
{ [%eval 8,12] [%emt 0:00:41] (Bxc4) } 16...Rxa6
{ [%eval 30,13] [%emt 0:00:48] (Rxa6) } 17.Bxc4
{ [%eval 9,12] [%emt 0:00:37] (Bxc4) } 17...Rb6
{ [%eval 26,12] [%emt 0:00:44] (Rb6) } 18.Bg5
{ [%eval 17,11] [%emt 0:00:25] (Bg5) } 18...h6
{ [%eval 31,12] [%emt 0: 00:29] (h6) } 19.Be3
{ [%eval 21,11] [%emt 0:00:31] (Be3) } 19...Qc7
{ [%eval 36,13] [%emt 0:00:58] (Qc7) } 20.Bb3
{ [%eval 24,11] [%emt 0:00:30] (Bb3) } 20...Rb7
{ [%eval 36,12] [%emt 0:04:20] (Rb7) } 21.Nef4
{ [%eval 26,11] [%emt 0:01:00] (Qh3) } 21...e5
{ [%eval 42,13] [%emt 0:00:37] (Nc6) } 22.dxe5
{ [%eval 40,12] [%emt 0: 00:41] (dxe5) } 22...Nxe5
{ [%eval 43,13] [%emt 0:02:04] (Nxe5) } 23.Nxe5
{ [%eval 41, 12] [%emt 0:00:27] (Nxe5) } 23...dxe5
{ [%eval 40,12] [%emt 0:00:16] (dxe5) } 24.Nd3
{ [%eval 56,11] [%emt 0:00:16] (Nd3) } 24...Nc6
{ [%eval 41,11] [%emt 0:01:22] (Nc6) } 25.Qg4
{ [%eval 37,10] [%emt 0:01:19] (Qg4) } 25...Kh7
{ [%eval 41,11] [%emt 0:00:30] (Kh7) } 26.Bd5
{ [%eval 20,10] [%emt 0:01:09] (Nc5) } 26...Rb5
{ [%eval 40,10] [%emt 0: 00:26] (Rb5) } 27.Qg3
{ [%eval 15,10] [%emt 0:00:53] (Bc5) } 27...f5
{ [%eval 70,10] [%emt 0:00:08] (Na5) } 28.exf5
{ [%eval 6,11] [%emt 0:00:45] (Bc4) } 28...Rxd5
{ [%eval 127,11] [%emt 0:00:10] (gxf5) } 29.Qxg6+
{ [%eval 34,13] [%emt 0:00:39] (Qxg6) } 29...Kh8
{ [%eval 123,11] [%emt 0:00:07] (Kh8) } 30.Bxh6
{ [%eval 6,13] [%emt 0:00:51] (Bxh6) } 30...Rf6
{ [%eval 132,11] [%emt 0:00:12] (Rf6) } 31.Bxg7+
{ [%eval 0, 13] [%emt 0:00:24] (Qe8) } 31...Qxg7
{ [%eval 177,11] [%emt 0:00:11] (Qxg7) } 32.Qe8+
{ [%eval -13,13] [%emt 0:00:46] (Qh5) } 32...Kh7
{ [%eval 178,11] [%emt 0:00:17] (Qf8) } 33.Qh5+
{ [%eval -5,12] [%emt 0:00:31] (Qh5) } 33...Qh6
{ [%eval 195,11] [%emt 0:00: 15] (Kg8) } 34.Qxh6+
{ [%eval -44,13] [%emt 0:00:34] (Qf3) } 34...Rxh6
{ [%eval 218,13] [%emt 0:00:09] (Rxh6) } 35.Ne1
{ [%eval -88,14] [%emt 0:00:54] (f4) } 35...Nd4
{ [%eval 245,13] [%emt 0:00:13] (e4) } 36.g4
{ [%eval -103,14] [%emt 0:01:01] (g4) } 36...Rh4
{ [%eval 251,13] [%emt 0:00:08] (Rh4) } 37.f3
{ [%eval -115,14] [%emt 0:00: 28] (h3) } 37...Ne2+
{ [%eval 353,14] [%emt 0:00:05] (Ne2) } 38.Kf2
{ [%eval -216,18] [%emt 0:01:41] (Kf2) } 38...Rxh2+
{ [%eval 397,15] [%emt 0:00:08] (Nf4) } 39.Ke3
{ [%eval -220,17] [%emt 0:01:13] (Ke3) } 39...Nf4
{ [%eval 401,14] [%emt 0:00:10] (Nf4) } 40.Rf2
{ [%eval -210,16] [%emt 0:00:53] (Rf2) } 40...Rxf2
{ [%eval 406,13] [%emt 0:00: 10] (Rxf2) } 41.Kxf2
{ [%eval -257,15] [%emt 0:00:31] (Kxf2) } 41...b3
{ [%eval 458,13] [%emt 0:01:33] (Rd2) } 42.cxb3
{ [%eval -388,16] [%emt 0:01:57] (cxb3) } 42...Rd2+
{ [%eval 508,13] [%emt 0:00:51] (Rd2) } 43.Kg3
{ [%eval -430,15] [%emt 0:00:44] (Kg1) } 43...Kg7
{ [%eval 611,13] [%emt 0:00:58] (Kg7) } 44.g5
{ [%eval -491,16] [%emt 0:01:38] (g5) } 44...Rxb2
{ [%eval 632,13] [%emt 0:01:12] (Re2) } 45.Kg4
{ [%eval -546, 15] [%emt 0:00:35] (b4) } 45...Re2
{ [%eval 694,13] [%emt 0:01:19] (Re2) } 46.f6+
{ [%eval -670,15] [%emt 0:00:41] (f6) } 46...Kg6
{ [%eval 765,14] [%emt 0:00:53] (Kg6) } 47.f7
{ [%eval -818,16] [%emt 0:00:48] (f7) } 0-1

[Event "41st Amateur D7"]
[Site "ChessGUI4"]
[Date "2013.07.04"]
[Round "5.1"]
[White "FireFly 2.6.0 64-bit"]
[Black "Carballo 0.8"]
[Result "1/2-1/2"]
[BlackElo "2273"]
[ECO "E34"]
[EventDate "2013.??.??"]
[TimeControl "40/1500:40/1500:40/1500"]
[WhiteElo "2258"]

{ i5 Quad } 1.d4 Nf6 2.c4 e6 3.Nc3 Bb4 4.Qc2 d5 5.cxd5 Qxd5 6.Nf3 Qf5 7.Qxf5 exf5 8.a3 Be7 9.Bf4 c6
{ [%eval -21,15] [%emt 0:00:37] (c6) } 10.e3
{ [%eval 52,13] [%emt 0:00:56] (e3) } 10...Be6
{ [%eval -20,15] [%emt 0:00:36] (Nh5) } 11.Ng5
{ [%eval 62,13] [%emt 0:00:56] (Bd3) } 11...O-O
{ [%eval -6,13] [%emt 0:00:35] (Bd7) } 12.Nxe6
{ [%eval 71,13] [%emt 0:00:55] (h4) } 12...fxe6
{ [%eval -3,14] [%emt 0:00:34] (fxe6) } 13.Be2
{ [%eval 72,13] [%emt 0:00: 45] (h4) } 13...Nd5
{ [%eval 2,14] [%emt 0:00:33] (Nbd7) } 14.Bg3
{ [%eval 78,12] [%emt 0:00:44] (Nxd5) } 14...Nd7
{ [%eval 8,14] [%emt 0:00:32] (Nd7) } 15.O-O
{ [%eval 76,12] [%emt 0:00:44] (O-O) } 15...g5
{ [%eval 8,13] [%emt 0:00:32] (Rac8) } 16.Nxd5
{ [%eval 78,12] [%emt 0:00:44] (Nxd5) } 16...cxd5
{ [%eval 5,14] [%emt 0:00:31] (exd5) } 17.Rac1
{ [%eval 64,12] [%emt 0:00:44] (Rac1) } 17...Rac8
{ [%eval 6,14] [%emt 0:00:30] (Rac8) } 18.Bb5
{ [%eval 63,12] [%emt 0:00:43] (Bb5) } 18...Nb6
{ [%eval 0,15] [%emt 0:00:29] (Nb6) } 19.Bc7
{ [%eval 78,13] [%emt 0:00:43] (Bc7) } 19...a6
{ [%eval 2,16] [%emt 0:00:29] (a6) } 20.Bxb6
{ [%eval 60,13] [%emt 0:00:42] (Be2) } 20...axb5
{ [%eval 14,16] [%emt 0:00:28] (axb5) } 21.Bc7
{ [%eval 53,13] [%emt 0:00:42] (f4) } 21...Kf7
{ [%eval 11,14] [%emt 0:00:27] (Ra8) } 22.f4
{ [%eval 5,12] [%emt 0:00:42] (f4) } 22...Rg8
{ [%eval 15,13] [%emt 0:00:26] (b4) } 23.fxg5
{ [%eval 36,12] [%emt 0:00:41] (g3) } 23...Bxg5
{ [%eval -3,14] [%emt 0:00:26] (Bxg5) } 24.Kf2
{ [%eval 48,11] [%emt 0:00:32] (Kf2) } 24...h5
{ [%eval 7,13] [%emt 0:00:25] (h5) } 25.Rc3
{ [%eval 56,11] [%emt 0:00:32] (Be5) } 25...Kg6
{ [%eval 1,13] [%emt 0:00:24] (h4) } 26.Rfc1
{ [%eval 70,12] [%emt 0:00:32] (Rfc1) } 26...h4
{ [%eval -28,13] [%emt 0:00: 24] (Be7) } 27.Bd6
{ [%eval 84,12] [%emt 0:00:32] (Kf3) } 27...Rc4
{ [%eval -11,15] [%emt 0:00:23] (Rc4) } 28.b3
{ [%eval 79,13] [%emt 0:00:32] (h3) } 28...Rxc3
{ [%eval -50,16] [%emt 0:00:23] (Rxc3) } 29.Rxc3
{ [%eval 60,13] [%emt 0:00:32] (Rxc3) } 29...Ra8
{ [%eval -39,16] [%emt 0:00:22] (Rd8) } 30.Rc7
{ [%eval 75,13] [%emt 0:00:33] (Rc7) } 30...b6
{ [%eval -43,17] [%emt 0:00:21] (Ra6) } 31.Rc6
{ [%eval 115,13] [%emt 0:00:33] (Rc6) } 31...Bd8
{ [%eval -45,18] [%emt 0:00:21] (Bd8) } 32.h3
{ [%eval 106, 13] [%emt 0:00:32] (Kf3) } 32...Kf7
{ [%eval -44,18] [%emt 0:00:20] (Kf6) } 33.Ke2
{ [%eval 104,13] [%emt 0:00:33] (Kf3) } 33...Ke8
{ [%eval -50,19] [%emt 0:00:20] (Ra7) } 34.Bb4
{ [%eval 115,15] [%emt 0:00:33] (Bb4) } 34...Kf7
{ [%eval -45,18] [%emt 0:00: 19] (Kf7) } 35.Rd6
{ [%eval 115,14] [%emt 0:00:33] (Bd6) } 35...Rc8
{ [%eval -51,18] [%emt 0:00:19] (Rc8) } 36.Kd3
{ [%eval 108,14] [%emt 0:00:33] (Kf3) } 36...Kf6
{ [%eval -53,18] [%emt 0:00:18] (Kf6) } 37.Rd7
{ [%eval 128,15] [%emt 0:00:33] (Rd7) } 37...Kg6
{ [%eval -48,18] [%emt 0:00:18] (Kg6) } 38.Bd6
{ [%eval 122,14] [%emt 0:00:33] (Be1) } 38...Ra8
{ [%eval -69,16] [%emt 0:00:17] (Bf6) } 39.Rb7
{ [%eval 148, 13] [%emt 0:00:33] (Rb7) } 39...Kh6
{ [%eval -71,16] [%emt 0:00:17] (Rc8) } 40.Kc3
{ [%eval 142,13] [%emt 0:00:33] (Be7) } 40...Kg6
{ [%eval -68,17] [%emt 0:00:17] (Rc8) } 41.Kb4
{ [%eval 115,14] [%emt 0:00:36] (Kb4) } 41...Bg5
{ [%eval -91,19] [%emt 0:00: 54] (Bg5) } 42.Bf4
{ [%eval 126,15] [%emt 0:00:36] (Rxb6) } 42...Bxf4
{ [%eval -89,19] [%emt 0:00:52] (Bxf4) } 43.exf4
{ [%eval 108,17] [%emt 0:00:36] (exf4) } 43...Kf6
{ [%eval -94,20] [%emt 0:00:51] (Rg8) } 44.Rh7
{ [%eval 115,17] [%emt 0:00:36] (Rxb6) } 44...Rg8
{ [%eval -33,20] [%emt 0:00:50] (Rg8) } 45.Rxh4
{ [%eval 93,17] [%emt 0:00:36] (Rxh4) } 45...Rxg2
{ [%eval -29,20] [%emt 0:00:48] (Rxg2) } 46.Kxb5
{ [%eval 88,16] [%emt 0:00:36] (Kxb5) } 46...Rd2
{ [%eval -26,17] [%emt 0:00:47] (Rd2) } 47.Kxb6
{ [%eval 98,16] [%emt 0:00:36] (Kxb6) } 47...Rxd4
{ [%eval -33,16] [%emt 0:00: 46] (Rxd4) } 48.Kc5
{ [%eval 105,15] [%emt 0:00:36] (Kc5) } 48...Rd3
{ [%eval -30,15] [%emt 0:00:45] (Rd3) } 49.Rh6+
{ [%eval 140,15] [%emt 0:00:36] (Rh6) } 49...Ke7
{ [%eval -19,17] [%emt 0:00:44] (Ke7) } 50.Rh7+
{ [%eval 140,15] [%emt 0:00:36] (Rh7) } 50...Kf6
{ [%eval -28,16] [%emt 0:00:43] (Kf6) } 51.b4
{ [%eval 150,15] [%emt 0:00:36] (b4) } 51...Kg6
{ [%eval -36,14] [%emt 0:00:42] (Rxa3) } 52.Re7
{ [%eval 269, 14] [%emt 0:00:36] (Re7) } 52...Kf6
{ [%eval -73,16] [%emt 0:00:40] (Kf6) } 53.Kd6
{ [%eval 262,16] [%emt 0:00:36] (Kd6) } 53...Re3
{ [%eval -73,15] [%emt 0:00:39] (Re3) } 54.b5
{ [%eval 280,15] [%emt 0:00:36] (b5) } 54...d4
{ [%eval -143,16] [%emt 0:00:38] (d4) } 55.b6
{ [%eval 368,15] [%emt 0:00:23] (b6) } 55...d3
{ [%eval -147,16] [%emt 0: 00:37] (d3) } 56.Rd7
{ [%eval 376,15] [%emt 0:00:23] (Rd7) } 56...d2
{ [%eval -151,16] [%emt 0:00:37] (d2) } 57.Kc6
{ [%eval 294,15] [%emt 0:00:37] (Kc7) } 57...Rc3+
{ [%eval -149,16] [%emt 0:00:36] (Rc3) } 58.Kb7
{ [%eval 350,14] [%emt 0:00:23] (Kb5) } 58...Rxh3
{ [%eval -151,13] [%emt 0:00:35] (Rc2) } 59.Rxd2
{ [%eval 393,14] [%emt 0:00:24] (Rxd2) } 59...Rxa3
{ [%eval -268,14] [%emt 0:00:34] (Rxa3) } 60.Rd6
{ [%eval 416,16] [%emt 0:00:24] (Rc2) } 60...Rf3
{ [%eval -378,19] [%emt 0:00:33] (Ke7) } 61.Kc7
{ [%eval 441,16] [%emt 0:00:24] (Kc7) } 61...Rxf4
{ [%eval -367,21] [%emt 0:00: 32] (Rc3) } 62.b7
{ [%eval 356,16] [%emt 0:00:29] (b7) } 62...Rc4+
{ [%eval -376,20] [%emt 0:00:31] (Rb4) } 63.Rc6
{ [%eval 356,15] [%emt 0:00:25] (Rc6) } 63...Rb4
{ [%eval -402,20] [%emt 0:00:31] (Rb4) } 64.Rb6
{ [%eval 291,16] [%emt 0:00:40] (Rb6) } 64...Rc4+
{ [%eval -402,20] [%emt 0:00:30] (Rc4) } 65.Kd7
{ [%eval 291,14] [%emt 0:00:40] (Kd7) } 65...Rd4+ 66.Kc6
{ [%eval 260,15] [%emt 0:00:40] (Kc7) } 66...Rd8
{ [%eval -373,19] [%emt 0:00:28] (Rd8) } 67.Kc7
{ [%eval 233,15] [%emt 0:00:40] (b8=Q) } 67...Re8
{ [%eval -356,18] [%emt 0:00:28] (Re8) } 68.Rb4
{ [%eval 178,15] [%emt 0:00:40] (b8=Q) } 68...Ke5
{ [%eval -295,17] [%emt 0:00:27] (Ke5) } 69.b8=R
{ [%eval 89,15] [%emt 0:00:40] (b8=Q) } 69...Rxb8
{ [%eval -293,17] [%emt 0:00:26] (Rxb8) } 70.Rxb8
{ [%eval 2,16] [%emt 0:00:40] (Rxb8) } 1/2-1/2

[Event "41st Amateur D7"]
[Site "ChessGUI4"]
[Date "2013.07.04"]
[Round "5.2"]
[White "ChessKiss 1.7 64-bit"]
[Black "Tigran 2.3 64-bit"]
[Result "0-1"]
[BlackElo "2289"]
[ECO "E15"]
[EventDate "2013.??.??"]
[TimeControl "40/1500:40/1500:40/1500"]
[WhiteElo "2214"]

{ i5 Quad } 1.d4 Nf6 2.c4 e6 3.Nf3 b6 4.g3 Ba6 5.b3 Bb4+ 6.Bd2 Be7 7.Nc3 O-O 8.Rc1 Ba3 9.Rb1 c5
{ [%eval 4,13] [%emt 0:00: 36] (Nc6) } 10.dxc5
{ [%eval 16,13] [%emt 0:00:41] (dxc5) } 10...Bxc5
{ [%eval 8,13] [%emt 0:00:42] (Bxc5) } 11.b4
{ [%eval -9,13] [%emt 0:00:41] (Bg2) } 11...Bd6
{ [%eval 24,12] [%emt 0:00:42] (Be7) } 12.Bg5
{ [%eval 14,12] [%emt 0:00:39] (e3) } 12...Be7
{ [%eval 7,13] [%emt 0:00:42] (Qe7) } 13.Bg2
{ [%eval 37,12] [%emt 0:00:38] (Bg2) } 13...h6
{ [%eval -5,13] [%emt 0:00:35] (Bb7) } 14.Bf4
{ [%eval 45,11] [%emt 0: 00:37] (Bf4) } 14...Qc8
{ [%eval 0,13] [%emt 0:00:43] (Bb7) } 15.O-O
{ [%eval 28,10] [%emt 0:00:36] (b5) } 15...Bxc4
{ [%eval -7,13] [%emt 0:00:43] (Bxc4) } 16.Rc1
{ [%eval 37,11] [%emt 0:00:34] (Ne5) } 16...Nc6
{ [%eval -16,13] [%emt 0:00:44] (Nc6) } 17.b5
{ [%eval 14,11] [%emt 0:00:33] (b5) } 17...Na5
{ [%eval 40,12] [%emt 0:00:44] (Na5) } 18.Ne5
{ [%eval 17,11] [%emt 0:00:32] (Ne5) } 18...d5
{ [%eval 59,12] [%emt 0: 00:44] (d5) } 19.Nxc4
{ [%eval 35,12] [%emt 0:00:33] (Nxc4) } 19...Nxc4
{ [%eval 12,13] [%emt 0:00:44] (dxc4) } 20.Nxd5
{ [%eval 118,11] [%emt 0:00:30] (e4) } 20...exd5
{ [%eval 86,14] [%emt 0:00:38] (exd5) } 21.Bxd5
{ [%eval -132,13] [%emt 0:00:30] (Bxd5) } 21...Qh3
{ [%eval 87,14] [%emt 0:00:45] (Nxd5) } 22.Bg2
{ [%eval -94,13] [%emt 0:00:29] (Bg2) } 22...Qe6
{ [%eval 75,14] [%emt 0:00:43] (Qe6) } 23.Bxa8
{ [%eval -108,13] [%emt 0:00:29] (Bxa8) } 23...Rxa8
{ [%eval 65,13] [%emt 0:00:45] (Rxa8) } 24.Qd3
{ [%eval -120,11] [%emt 0:00:29] (Qb3) } 24...Rc8
{ [%eval 101,11] [%emt 0:00:45] (Na3) } 25.Rc2
{ [%eval -124,12] [%emt 0:00:26] (Be3) } 25...Qh3
{ [%eval 99,12] [%emt 0:00:46] (Rc5) } 26.Qf3
{ [%eval -143,11] [%emt 0:00:25] (Qf3) } 26...Ng4
{ [%eval 116,12] [%emt 0:00:46] (Ng4) } 27.Rfc1
{ [%eval -177,12] [%emt 0:00:24] (Rfc1) } 27...Qxh2+
{ [%eval 128,13] [%emt 0:00:46] (Qxh2) } 28.Kf1
{ [%eval 1,1] [%emt 0:00:00] (Kf1) } 28...Nge5 29.Qg2
{ [%eval -173,13] [%emt 0:00:24] (Qg2) } 29...Qxg2+
{ [%eval 150,15] [%emt 0:00:45] (Qxg2) } 30.Kxg2
{ [%eval -177,15] [%emt 0:00:24] (Kxg2) } 30...Ba3
{ [%eval 139,16] [%emt 0:00:44] (Ba3) } 31.Rd1
{ [%eval -176,14] [%emt 0:00:23] (Rd1) } 31...Ne3+
{ [%eval 113,16] [%emt 0:00:48] (Ng4) } 32.fxe3
{ [%eval -138,15] [%emt 0:00:22] (fxe3) } 32...Rxc2
{ [%eval 104,16] [%emt 0:00:49] (Rxc2) } 33.Bxe5
{ [%eval -109,15] [%emt 0:00:22] (Bxe5) } 33...f6
{ [%eval 110,16] [%emt 0:00:49] (Rxe2) } 34.Rd8+
{ [%eval -81,16] [%emt 0:00:21] (Rd8) } 34...Kh7
{ [%eval 105,17] [%emt 0:00:50] (Kh7) } 35.Bd4
{ [%eval -68,16] [%emt 0:00:21] (Bd4) } 35...Rxe2+
{ [%eval 103,17] [%emt 0:00: 51] (Rxe2) } 36.Kf3
{ [%eval -70,17] [%emt 0:00:19] (Kf3) } 36...Rxa2
{ [%eval 110,19] [%emt 0:00:49] (Rxa2) } 37.Ra8
{ [%eval -79,17] [%emt 0:00:17] (Ra8) } 37...Bd6
{ [%eval 120,19] [%emt 0:00:54] (Bd6) } 38.Bxb6
{ [%eval -74,16] [%emt 0:00:19] (Bxb6) } 38...Rb2
{ [%eval 120,19] [%emt 0:00:56] (Rb2) } 39.Rxa7
{ [%eval -102,16] [%emt 0:00:18] (Bxa7) } 39...Rxb5
{ [%eval 117,16] [%emt 0:00:58] (Rxb5) } 40.Bd4
{ [%eval -101,16] [%emt 0:00:17] (Bd4) } 40...h5
{ [%eval 120,17] [%emt 0:01:04] (Kg6) } 41.Rd7
{ [%eval -133,17] [%emt 0:00:55] (Rd7) } 41...Bb8
{ [%eval 120,16] [%emt 0:00: 29] (Bb8) } 42.Rd8
{ [%eval -132,16] [%emt 0:00:42] (Rd8) } 42...Kg6
{ [%eval 125,15] [%emt 0:00:34] (Kg6) } 43.Rf8
{ [%eval -156,17] [%emt 0:00:54] (Rf8) } 43...Rf5+
{ [%eval 130,16] [%emt 0:00:34] (Rf5) } 44.Kg2
{ [%eval -168,20] [%emt 0:00:55] (Kg2) } 44...Be5
{ [%eval 132,17] [%emt 0:00:34] (Be5) } 45.Rd8
{ [%eval -168,19] [%emt 0:00:55] (Rc8) } 45...Rg5
{ [%eval 137,17] [%emt 0:00:34] (Rg5) } 46.Bxe5
{ [%eval -167,19] [%emt 0:00:52] (Bxe5) } 46...Rxe5
{ [%eval 153,17] [%emt 0:00:34] (Rxe5) } 47.Kf3
{ [%eval -171,19] [%emt 0:00:51] (Kf3) } 47...f5
{ [%eval 153,18] [%emt 0:00:29] (Kf5) } 48.Ra8
{ [%eval -157,18] [%emt 0:00:49] (Rd6) } 48...Re4
{ [%eval 154,19] [%emt 0:00:31] (Kg5) } 49.Ra7
{ [%eval -164,19] [%emt 0:00:48] (Rh8) } 49...Kf6
{ [%eval 154,18] [%emt 0:00:35] (Kf6) } 50.Ra6+
{ [%eval -164,19] [%emt 0:00:45] (Kf2) } 50...Kg5
{ [%eval 154,20] [%emt 0:00:31] (Kg5) } 51.Rd6
{ [%eval -187,19] [%emt 0:00:45] (Ra7) } 51...g6
{ [%eval 154,17] [%emt 0:00:35] (h4) } 52.Rd7
{ [%eval -200,19] [%emt 0:00:45] (Rd7) } 52...h4
{ [%eval 154,19] [%emt 0:00: 27] (h4) } 53.gxh4+
{ [%eval -221,19] [%emt 0:00:43] (gxh4) } 53...Kxh4
{ [%eval 154, 19] [%emt 0:00:28] (Rxh4) } 54.Rd8
{ [%eval -221,20] [%emt 0:00:43] (Rd1) } 54...Kg5
{ [%eval 154,20] [%emt 0:00:36] (Kg5) } 55.Rf8
{ [%eval -232,22] [%emt 0:00:40] (Rf8) } 55...Rc4
{ [%eval 154,20] [%emt 0:00:36] (Kh6) } 56.Rb8
{ [%eval -227,19] [%emt 0:00:40] (Rf7) } 56...Rh4
{ [%eval 154,19] [%emt 0:00:36] (Rc6) } 57.Rb5
{ [%eval -220,18] [%emt 0:00:38] (Rb3) } 57...Kh6
{ [%eval 154,19] [%emt 0:00:36] (Rc4) } 58.Ke2
{ [%eval -230,19] [%emt 0:00:36] (Rb6) } 58...Rg4
{ [%eval 154,16] [%emt 0:00: 37] (Re4) } 59.Rb7
{ [%eval -233,19] [%emt 0:00:35] (Kf2) } 59...Re4
{ [%eval 162,16] [%emt 0:00:37] (Re4) } 60.Rf7
{ [%eval -240,20] [%emt 0:00:34] (Rf7) } 60...Re5
{ [%eval 163,16] [%emt 0:00:37] (Re5) } 61.Kf3
{ [%eval -243,19] [%emt 0:00:24] (Kf3) } 61...g5
{ [%eval 172,17] [%emt 0:00:37] (g5) } 62.Rf6+
{ [%eval -247,19] [%emt 0:00:33] (Rf8) } 62...Kg7
{ [%eval 175,17] [%emt 0:00:34] (Kg7) } 63.Rc6
{ [%eval -252, 20] [%emt 0:00:32] (Ra6) } 63...Re4
{ [%eval 177,16] [%emt 0:00:38] (Re4) } 64.Kf2
{ [%eval -254,18] [%emt 0:00:32] (Kf2) } 64...g4
{ [%eval 183,16] [%emt 0:00:37] (Kf7) } 65.Rb6
{ [%eval -257,19] [%emt 0:00:30] (Rd6) } 65...Kf7
{ [%eval 183,19] [%emt 0:00: 36] (Kf7) } 66.Rd6
{ [%eval -260,19] [%emt 0:00:29] (Ra6) } 66...Re6
{ [%eval 186,15] [%emt 0:00:38] (Re6) } 67.Rd5
{ [%eval -267,18] [%emt 0:00:28] (Rd7) } 67...Kf6
{ [%eval 187,16] [%emt 0:00:39] (Kf6) } 68.Rc5
{ [%eval -263,18] [%emt 0:00:27] (Rd8) } 68...Re8
{ [%eval 189,16] [%emt 0:00:33] (Re7) } 69.Rc6+
{ [%eval -255,18] [%emt 0:00:27] (Rc6) } 69...Ke5
{ [%eval 189,17] [%emt 0:00:40] (Ke5) } 70.Rc5+
{ [%eval -251,17] [%emt 0:00:24] (Rc5) } 70...Ke4
{ [%eval 189,18] [%emt 0:00:40] (Ke4) } 71.Rc4+
{ [%eval -250,17] [%emt 0:00:25] (Rc4) } 71...Kd5
{ [%eval 189,18] [%emt 0:00: 40] (Ke5) } 72.Rb4
{ [%eval -250,18] [%emt 0:00:23] (Ra4) } 72...Rc8
{ [%eval 189,18] [%emt 0:00:40] (Rh8) } 73.Rb5+
{ [%eval -240,15] [%emt 0:00:10] (Rb5) } 73...Rc5
{ [%eval 189,19] [%emt 0:00:35] (Rc5) } 74.Rb7
{ [%eval -238,16] [%emt 0:00:23] (Rb8) } 74...Rc2+
{ [%eval 189,17] [%emt 0:00:43] (Rc3) } 75.Kg3
{ [%eval -262,18] [%emt 0:00:23] (Kg3) } 75...Re2
{ [%eval 189,18] [%emt 0:00:43] (Re2) } 76.Re7
{ [%eval -256,18] [%emt 0:00:22] (Re7) } 76...Re1
{ [%eval 189,19] [%emt 0:00:45] (Re1) } 77.Kf2
{ [%eval -250,16] [%emt 0:00:05] (Kg2) } 77...Rh1
{ [%eval 189,18] [%emt 0:00: 46] (Rh1) } 78.Rf7
{ [%eval -248,15] [%emt 0:00:04] (Re8) } 78...Ke6
{ [%eval 189,16] [%emt 0:00:37] (Ke5) } 79.Rf8
{ [%eval -250,17] [%emt 0:00:21] (Rf8) } 79...Rh2+
{ [%eval 189,18] [%emt 0:00:54] (Rh2) } 80.Kg3
{ [%eval -250,20] [%emt 0:00:19] (Kg3) } 80...Re2
{ [%eval 189,18] [%emt 0:00:59] (Rh3) } 81.Re8+
{ [%eval -250,20] [%emt 0:00:43] (Re8) } 81...Kd6
{ [%eval 189,18] [%emt 0:00:34] (Kd5) } 82.Kh4
{ [%eval -280,18] [%emt 0:01:02] (Kh4) } 82...Re1
{ [%eval 189,17] [%emt 0:00:34] (f4) } 83.Rf8
{ [%eval -290,19] [%emt 0:01:00] (Kg3) } 83...Rh1+
{ [%eval 192,16] [%emt 0:00: 34] (Rh1) } 84.Kg3
{ [%eval -290,20] [%emt 0:00:58] (Kg3) } 84...Rf1
{ [%eval 197,16] [%emt 0:00:34] (Rf1) } 85.Kh4
{ [%eval -282,19] [%emt 0:00:56] (Kg2) } 85...Rf3
{ [%eval 190,16] [%emt 0:00:33] (Rh1) } 86.Kg5
{ [%eval -285,18] [%emt 0:00:55] (Kg5) } 86...Ke6
{ [%eval 190,15] [%emt 0:00:34] (Rf1) } 87.Re8+
{ [%eval -280,18] [%emt 0:00:54] (Ra8) } 87...Kf7
{ [%eval 209,17] [%emt 0:00:34] (Kf7) } 88.Rc8
{ [%eval -290,20] [%emt 0:00:52] (Ra8) } 88...g3
{ [%eval 246,16] [%emt 0:00:34] (g3) } 89.Rc2
{ [%eval -290,21] [%emt 0:00:51] (Rc1) } 89...Ke6
{ [%eval 330,15] [%emt 0:00: 34] (Ke6) } 90.Re2
{ [%eval -579,18] [%emt 0:00:49] (Rg2) } 90...Ke5
{ [%eval 362,15] [%emt 0:00:34] (Ke5) } 91.Kh4
{ [%eval -787,19] [%emt 0:00:49] (Rc2) } 91...Ke4
{ [%eval 410,16] [%emt 0:00:35] (Ke4) } 92.Rg2
{ [%eval -849,19] [%emt 0:00:46] (Rd2) } 92...Rxe3
{ [%eval 488,18] [%emt 0:00:28] (Rxe3) } 93.Rg1
{ [%eval -1436,19] [%emt 0:00:45] (Rg1) } 93...Kf4
{ [%eval 592,17] [%emt 0:00:35] (f4) } 94.Rf1+
{ [%eval -1419,18] [%emt 0:00:44] (Rf1) } 94...Rf3
{ [%eval 850,21] [%emt 0:00:31] (Rf3) } 95.Rg1
{ [%eval -1680,19] [%emt 0:00:42] (Rg1) } 95...Rf2
{ [%eval 850,24] [%emt 0: 00:35] (Rf2) } 0-1